 Dungeon Crawl Stone Soup version 0.22-a0-417-g1387785 (webtiles) character file.

112 Kairos the Chopper (level 4, -1/34 HPs)
             Began as a Demonspawn Gladiator on May 14, 2018.
             Slain by a scorpion (7 damage)
             ... on level 4 of the Dungeon.
             The game lasted 00:02:46 (3380 turns).

Kairos the Chopper (Demonspawn Gladiator)           Turns: 3380, Time: 00:02:47

Health: -1/34      AC:  6    Str: 17    XL:     4   Next: 64%
Magic:  0/4        EV: 13    Int:  9    God:
Gold:   192        SH:  0    Dex: 15    Spells: 3/3 levels left

rFire    . . .     SeeInvis .   a - +0 war axe
rCold    . . .     Gourm    .   (no shield)
rNeg     . . .     Faith    .   b - +0 leather armour
rPois    .         Spirit   +   c - +0 helmet
rElec    .         Reflect  .   (no cloak)
rCorr    .         Harm     .   (no gloves)
MR       .....     Clarity  +   (no boots)
Stlth    +.........             k - amulet of guardian spirit
HPRegen  0.11/turn              (no ring)
MPRegen  0.09/turn              (no ring)

@: lethally poisoned (-1 -> -21)
A: iridescent scales 1, clarity, screaming 1, strong 1
a: no special abilities


You were on level 4 of the Dungeon.
You were near starving.

You visited 1 branch of the dungeon, and saw 4 of its levels.

You collected 192 gold pieces.

Inventory:

Hand Weapons
 a - a +0 war axe (weapon)
Missiles
 d - 3 throwing nets (quivered)
Armour
 b - a +0 leather armour (worn)
 c - a +0 helmet (worn)
Jewellery
 k - an amulet of guardian spirit (around neck)
Wands
 u - a wand of polymorph (12)
Scrolls
 e - a scroll of blinking {unknown}
 h - a scroll of enchant weapon {unknown}
 i - 5 scrolls of identify {unknown}
 j - 3 scrolls of remove curse {unknown}
 q - 2 scrolls of magic mapping {unknown}
 r - a scroll of fear {unknown}
Potions
 g - a potion of agility {unknown}
 l - 2 potions of berserk rage {unknown}
 m - 2 potions of mutation
 n - a potion of heal wounds {unknown}
 o - a potion of curing {unknown}
 p - a potion of lignification {unknown}
 s - a potion of degeneration {unknown}
 t - a potion of ambrosia {unknown}
 v - a potion of flight {unknown}
 w - a potion of invisibility {unknown}
Comestibles
 f - 4 rations


   Skills:
 + Level 2.8 Fighting
 + Level 3.8 Axes
 + Level 2.0 Throwing
 + Level 1.2 Armour
 + Level 3.1 Dodging
 + Level 0.2 Stealth


You had 3 spell levels left.
You didn't know any spells.
Your spell library was empty.

Dungeon Overview and Level Annotations

Branches:
Dungeon (4/15)
 Temple: D:4-7

Altars:
Cheibriados
Dithmenos
Kikubaaqudgha
Makhleb


Innate Abilities, Weirdness & Mutations

You are partially covered in iridescent scales. (AC +2)
You possess an exceptional clarity of mind.
You occasionally shout uncontrollably at your foes.
Your muscles are strong. (Str +2)


Message History

You are too injured to fight recklessly!
Unknown command.
You are too injured to fight recklessly!
Unknown command.
You are too injured to fight recklessly!
It was a potion of mutation.
You feel extremely strange.
You feel the urge to shout.
You feel stronger.
Your thoughts seem clearer.
You feel sick. The adder bites you. The phantom hits you.
The phantom blinks!
The scorpion stings you.
* * * LOW HITPOINT WARNING * * *
The adder bites you.
* * * LOW HITPOINT WARNING * * *
You are more poisoned.
The adder poisons you!
Okay, then.
* * * LOW HITPOINT WARNING * * *
You feel sick.
The phantom hits you but does no damage.
The scorpion stings you!
You die...

#.# ## .. ..#
..##.## ..
#.#...##
#.##......##
..#.......# .
#.#.<.....#
...###.W........
.......@S.......
........s.......
......ยง.........
...............#
........#......>
#.......##...###
##.....## ####
....... #......


You could see a phantom, a scorpion and an adder.

Vanquished Creatures
  5 adders
  A worm (D:3)
  5 dart slugs
  A leopard gecko (D:2)
  2 orcs (D:3)
  6 bats
  3 giant cockroaches
  6 goblins
  5 hobgoblins
  3 jackals (D:1)
  2 ball pythons (D:3)
  3 frilled lizards
  5 kobolds
  A leopard gecko skeleton (D:2)
  6 rats
54 creatures vanquished.

Notes
Turn   | Place    | Note
-------+----------+-------------------------------------------
     0 | D:1      | Kairos the Demonspawn Gladiator began the quest for the Orb.
     0 | D:1      | Reached XP level 1. HP: 16/16 MP: 1/1
   115 | D:1      | Gained mutation: You are partially covered in iridescent scales. (AC +2) [demonic ancestry]
   115 | D:1      | Reached XP level 2. HP: 16/22 MP: 2/2
  1149 | D:2      | Reached XP level 3. HP: 10/28 MP: 1/3
  1828 | D:2      | Reached XP level 4. HP: 22/34 MP: 4/4
  2146 | D:2      | Found an ancient bone altar of Kikubaaqudgha.
  2146 | D:2      | Found a burning altar of Makhleb.
  2290 | D:3      | Reached skill level 1 in Armour
  2942 | D:3      | Found a snail-covered altar of Cheibriados.
  3161 | D:3      | Found a shadowy altar of Dithmenos.
  3371 | D:4      | Noticed a phantom
  3379 | D:4      | Gained mutation: You occasionally shout uncontrollably at your foes. [potion of mutation]
  3379 | D:4      | Gained mutation: Your muscles are strong. (Str +2) [potion of mutation]
  3379 | D:4      | Gained mutation: You possess an exceptional clarity of mind. [potion of mutation]
  3380 | D:4      | Slain by a scorpion

Vault maps used:
D:1:      scummos_arrival_simple_crosswalls
D:2:      gammafunk_temple_overflow_elements
D:3:      nicolae_dithmenos_through_a_glass_darkly, kennysheep_slug_shrine
D:4:      tgw_sif, kennysheep_mini, minmay_temple_entry_junction,
          uniq_eustachio, uniq_menkaure, uniq_blork_the_orc

Skill      XL: |  1  2  3  4 |
---------------+-------------+-----
Axes           | 3 |  3.8
Throwing       | 2 |  2.0
Dodging        | 3 |  3.1
Armour         | 1 |  1.2
Fighting       | |  2.8
Stealth        | |  0.2

Action                   |  1- 3 |  4- 6 || total
-------------------------+-------+-------++-------
Melee: War axe           |   115 |    85 ||   200
  Use: Potion            |       |     1 ||     1
 Stab: Sleeping          |     1 |     1 ||     2
  Eat: Chunk             |     2 |     4 ||     6
Armor: Leather armour    |    59 |    29 ||    88
Dodge: Dodged            |   104 |    71 ||   175

Table legend:
 A = Spawn XP
 B = Non-spawn XP
 C = Spawn XP percentage of total XP
 D = Spawn monster count
 E = Non-spawn monster count
 F = Spawn count percentage of total count
 G = Total turns spent on level
                    A         B        C        D         E        F      G
               +---------+---------+-------+---------+---------+-------+---------
         Total |       0 |     161 |   0.0 |       0 |      54 |   0.0 |  3380
               +---------+---------+-------+---------+---------+-------+---------
           D:1 |       0 |      38 |   0.0 |       0 |      20 |   0.0 |  1125
           D:2 |       0 |      70 |   0.0 |       0 |      16 |   0.0 |  1063
           D:3 |       0 |      53 |   0.0 |       0 |      18 |   0.0 |  1183
               +---------+---------+-------+---------+---------+-------+---------
